 Dungeon Crawl Stone Soup version 0.29.1-15-g9cfb28693d (webtiles) character file.

Game seed: 15069954071563167287

280 GigaChad the Chopper (level 6, -1/51 HPs)
             Began as a Minotaur Gladiator on Mar 11, 2023.
             Succumbed to a water moccasin's poison
             ... on level 4 of the Dungeon.
             The game lasted 00:03:13 (3631 turns).

GigaChad the Chopper (Minotaur Gladiator)           Turns: 3631, Time: 00:03:14

Health: -1/51      AC: 11    Str: 20    XL:     6   Next: 5%
Magic:  5/5        EV:  7    Int:  5    God:
Gold:   194        SH:  0    Dex: 12    Spells: 5/5 levels left

rFire   . . .      SeeInvis .   a - +0 war axe
rCold   . . .      Faith    .   (no shield)
rNeg    . . .      Spirit   .   i - +0 plate armour
rPois   .          Reflect  .   c - +0 hat
rElec   .          Harm     .   (no cloak)
rCorr   .          Rampage  .   (no gloves)
Will    .....                   (no boots)
Stlth   ..........              (no amulet)
HPRegen 0.17/turn               (no ring)
MPRegen 0.09/turn               (no ring)

@: brilliant, lethally poisoned (-1 -> -25)
A: horns 2, retaliatory headbutt
a: no special abilities


You were on level 4 of the Dungeon.
You visited 1 branch of the dungeon, and saw 4 of its levels.

You collected 194 gold pieces.

Inventory:

Hand Weapons
 a - a +0 war axe (weapon)
Missiles
 d - 3 throwing nets (quivered)
 e - a javelin
Armour
 b - a +0 leather armour
 c - a +0 hat (worn)
 f - a +0 ring mail
 i - a +0 plate armour (worn)
Wands
 l - a wand of light (6)
Scrolls
 h - a scroll of fear {unknown}
 j - 2 scrolls of enchant weapon {unknown}
 n - a scroll of butterflies {unknown}
 o - a scroll of amnesia {unknown}
 p - a scroll of teleportation {unknown}
 q - a scroll of blinking {unknown}
 s - a scroll of enchant armour {unknown}
Potions
 g - a potion of magic {unknown}
 k - a potion of heal wounds {unknown}
 m - a potion of brilliance
 r - a potion of cancellation {unknown}


   Skills:
 + Level 3.5 Fighting
 + Level 6.4 Axes
 + Level 2.1 Throwing
 + Level 2.8 Armour
 + Level 4.0 Dodging
 + Level 0.3 Stealth


You had 5 spell levels left.
You didn't know any spells.
Your spell library was empty.

Dungeon Overview and Level Annotations

Branches:
Dungeon (4/15)
 Temple: D:4-7

Altars:

Shops:
D:2 (


Innate Abilities, Weirdness & Mutations

You have a pair of horns on your head.
You reflexively headbutt those who attack you in melee.


Message History

The orc priest is almost dead.
The orc priest hits you but does no damage.
You hit the orc priest but do no damage.
The orc priest is almost dead.
The orc priest hits you but does no damage. x2
You hit the orc priest.
You kill the orc priest!
Your life force feels restored.
You have reached level 6!
You start resting.
You start resting.
A water moccasin is nearby!
A water moccasin is nearby!
A water moccasin is nearby!
The water moccasin hisses angrily.
An iguana comes into view.
The iguana hisses angrily.
The water moccasin bites you.
You are lethally poisoned!
The water moccasin poisons you!
You slash the water moccasin!
The water moccasin is moderately wounded.
* * * LOW HITPOINT WARNING * * *
You feel very sick.
The water moccasin bites you but does no damage.
The water moccasin barely misses you.
You closely miss the water moccasin. You headbutt the water moccasin.
The water moccasin is heavily wounded.
* * * LOW HITPOINT WARNING * * *
You feel very sick. The water moccasin bites you.
* * * LOW HITPOINT WARNING * * *
A hobgoblin comes into view.
The water moccasin bites you.
* * * LOW HITPOINT WARNING * * *
You are more poisoned.
The water moccasin poisons you!
It was a potion of brilliance.
You feel clever all of a sudden.
You die...

. ## ... .. ..
..## ....#. .
...# ..g#.##.
...#
#.#...###...
#......#..## .
#.l........# ..
#..S......#
...##..@...<.##
........)#####
......)..#
..##..>)## .
#....## .......
...##.. ..# ...
.. ....


You could see a water moccasin, an iguana and a hobgoblin (wandering).

Vanquished Creatures
  A scorpion (D:2)
  2 orc priests
  7 adders
  3 worms (D:2)
  7 orcs
  8 ball pythons
  6 bats
  9 endoplasms
  3 giant cockroaches
  3 goblins
  10 jackals
  11 kobolds
  6 quokkas
  7 frilled lizards
  3 rats
86 creatures vanquished.

Notes
Turn   | Place    | Note
-------+----------+-------------------------------------------
     0 | D:1      | GigaChad the Minotaur Gladiator began the quest for the
                  | Orb.
     0 | D:1      | Reached XP level 1. HP: 18/18 MP: 0/0
   252 | D:1      | Reached XP level 2. HP: 25/25 MP: 1/1
   413 | D:1      | Reached skill level 4 in Axes
   636 | D:2      | HP: 1/25 [giant cockroach (1)]
   637 | D:2      | Reached XP level 3. HP: 2/30 MP: 2/2
  1620 | D:2      | Noticed a scorpion
  1627 | D:2      | Killed a scorpion
  1628 | D:2      | Reached skill level 5 in Axes
  1628 | D:2      | Reached skill level 1 in Armour
  1628 | D:2      | Reached XP level 4. HP: 33/38 MP: 3/3
  1676 | D:2      | Found Qeebb's Weapon Shop.
  2259 | D:2      | Reached XP level 5. HP: 45/45 MP: 4/4
  3086 | D:3      | Reached skill level 6 in Axes
  3442 | D:4      | Noticed a water moccasin
  3540 | D:4      | Reached XP level 6. HP: 5/51 MP: 5/5
  3631 | D:4      | Succumbed to a water moccasin's poison

Illustrated notes

Levels and vault maps discovered:
D:1:      minmay_arrival_solitary_statue, layout_basic
D:2:      layout_loops_ring, serial_shops, nicolae_shop_advertising_works
          [nicolae_subvault_shop_adworks], grunt_ministairs_13, st_stairs_2
D:3:      minmay_inner_zag, layout_loops_cross, kennysheep_generic_room_6
D:4:      layout_cave_pools, grunt_temple_overflow_open,
          lemuel_temple_firewalk_b, serial_shops, shop, minmay_pentomino_pile

Skill      XL: |  1  2  3  4  5 |
---------------+----------------+-----
Axes           | 4 5 6 |  6.4
Fighting       | 3 |  3.5
Armour         | 1 2 |  2.8
Dodging        | 4 |  4.0
Throwing       | |  2.1
Stealth        | |  0.3

Action                   |  1- 3 |  4- 6 || total
-------------------------+-------+-------++-------
Melee: War axe           |    54 |   104 ||   158
       Headbutt          |     8 |    12 ||    20
       Punch             |       |     3 ||     3
  Use: Potion            |       |     1 ||     1
 Stab: Distracted        |       |     1 ||     1
Armor: Leather armour    |    14 |       ||    14
       Ring mail         |     4 |       ||     4
       Plate armour      |     3 |    73 ||    76
Dodge: Dodged            |    38 |    46 ||    84
